 Dungeon Crawl Stone Soup version 0.17.2-1-ge4368a0 (webtiles) character file.

8 tidbits the Insei (level 1, -2/15 HPs)
             Began as a Demigod Transmuter on Sept 19, 2017.
             Slain by a giant gecko (3 damage)
             ... on level 1 of the Dungeon.
             The game lasted 00:01:29 (177 turns).

tidbits the Insei (Demigod Transmuter)               Turns: 177, Time: 00:01:29

Health: -2/15      AC:  2    Str: 13    XL:     1   Next: 80%
Magic:  4/5        EV: 12    Int: 17    God:
Gold:   0          SH:  0    Dex: 16    Spells: 1 memorised, 3 levels left

rFire  . . .     SeeInvis .     a - +0 dagger
rCold  . . .     Clarity  .     b - +0 robe
rNeg   . . .     SustAt   +     (no shield)
rPois  .         Gourm    .     (no helmet)
rElec  .         Spirit   .     (no cloak)
rCorr  .         Warding  .     (no gloves)
rMut   .         Stasis   .     (boots currently unavailable)
MR     .....                    (no amulet)
Stlth  +.........               (no ring)
                                (no ring)

@: appendage, not resistant to hostile enchantments, very unstealthy
A: talons 3, high mp 1, sustain attributes
a: End Transformation


You were on level 1 of the Dungeon.
You were not hungry.
You had grown temporary talons.
You visited 1 branch of the dungeon, and saw 1 of its levels.

Inventory:

Hand Weapons
 a - a +0 dagger (weapon)
   (You took it off a goblin on level 1 of the Dungeon)
Missiles
 h - 12 arrows
Armour
 b - a +0 robe (worn)
Jewellery
 e - an uncursed ring of ice
   (You found it on level 1 of the Dungeon)
Scrolls
 f - a scroll of magic mapping {unknown}
 g - a scroll of amnesia {unknown}
Books
 c - a book of Changes

   Spells                             Type                      Level
   a - Beastly Appendage              Transmutation                1
   b - Sticks to Snakes               Transmutation                2
   c - Spider Form                    Transmutation/Poison         3
   d - Ice Form                       Ice/Transmutation            4
   e - Blade Hands                    Transmutation                5
Comestibles
 d - a bread ration


   Skills:
 - Level 0.8 Fighting
 - Level 1.7 Dodging
 - Level 2.6 Unarmed Combat
 - Level 2.0 Spellcasting
 + Level 2.2 Transmutations


You had 3 spell levels left.
You knew the following spells:

 Your Spells              Type           Power        Failure   Level  Hunger
e - Beastly Appendage     Trmt           #.....       10%         1    #......


Dungeon Overview and Level Annotations

Branches:
Dungeon (1/15)


Innate Abilities, Weirdness & Mutations

You have an increased reservoir of magic (+10% MP).
Your attributes are resistant to harm.
You have claws for feet.


Message History

You barely miss the giant cockroach. The giant cockroach barely misses you.
You barely miss the giant cockroach. You headbutt the giant cockroach.
You kill the giant cockroach!
Your Transmutations skill increases to level 2!
Your transformation is almost over.
Found 25 stones.
g - a scroll labeled AHYIDGHYANU A rat comes into view.
Casting: Beastly Appendage
Confirm with . or Enter, or press ? or * to list all spells.
You extend your transformation's duration.
You hit the rat. Your headbutt misses the rat.
The rat is moderately wounded.
The rat bites you.
You closely miss the rat. Your headbutt misses the rat.
The rat is moderately wounded.
The rat bites you.
You hit the rat.
You kill the rat!
Your transformation is almost over.
You open the door.
Wield which item (- for none, * to show all)? (? for menu, Esc to quit)
Okay, then.
There is an open door here.
Magic restored.
Your horns disappear.
A goblin comes into view. It is wielding a dagger.
The goblin shouts!
Casting: Beastly Appendage
Confirm with . or Enter, or press ? or * to list all spells.
You grow a pair of large bovine horns.
You barely miss the goblin. You punch the goblin.
The goblin is moderately wounded.
The goblin hits you but does no damage.
You hit the goblin.
The goblin is almost dead.
The goblin completely misses you.
You barely miss the goblin.
The goblin is almost dead.
The goblin closely misses you.
You closely miss the goblin.
The goblin is almost dead.
The goblin barely misses you.
You closely miss the goblin. You headbutt the goblin.
You kill the goblin!
Things that are here:
a dagger; a goblin corpse
h - a dagger Wield which item (- for none, * to show all)? (? for menu, Esc to quit)
h - a +0 dagger (weapon)
Adjust (i)tems, (s)pells, or (a)bilities?
Adjust which item? (? for menu, Esc to quit)
h - a +0 dagger (weapon)
Adjust to which letter? (? for menu, Esc to quit)
a - a +0 dagger (weapon);
h - 12 arrows Your transformation is almost over.
Your horns disappear.
You open the door.
You found a teleport trap!
There is an open door here.
Really walk into that teleport trap?
You enter a teleport trap!
The teleport trap disappears.
Your surroundings suddenly seem different.
A giant gecko and a goblin come into view.
The goblin shouts!
Found a scroll labeled BAODIGH AGUERU.
A bat comes into view.
The goblin hits you with a dagger.
Found 8 gold pieces.
Casting: Beastly Appendage
Confirm with . or Enter, or press ? or * to list all spells.
Your feet morph into talons.
The goblin hits you with a dagger.
You hit the goblin. You claw the goblin.
The goblin is almost dead.
The goblin hits you with a dagger.
You hit the goblin.
You kill the goblin!
The bat hits you but does no damage.
You barely miss the giant gecko. Your kick misses the giant gecko.
The bat hits you. The giant gecko bites you.
* * * LOW HITPOINT WARNING * * *
The bat hits you but does no damage. The bat hits you but does no damage.
The giant gecko closely misses you.
You hit the giant gecko but do no damage.
Your punch misses the giant gecko. The bat hits you but does no damage.
The giant gecko barely misses you.
You hit the giant gecko.
You claw the giant gecko, but do no damage.
The giant gecko is lightly wounded.
The bat barely misses you. The bat hits you but does no damage.
The giant gecko bites you.
* * * LOW HITPOINT WARNING * * *
You hit the giant gecko. Your kick misses the giant gecko.
The giant gecko is moderately wounded.
The bat misses you. The giant gecko closely misses you.
You hit the giant gecko. You claw the giant gecko.
The giant gecko is severely wounded.
The bat hits you.
* * * LOW HITPOINT WARNING * * *
The giant gecko bites you.
You die...

#####
######.l.#
.......b@#
#####
######)###
#... ...
##.##
.....
....#
+......
.(..#
#....$.
....#
....##.#
....#
#.##. #.#
.#'##
#.##+##.#


You could see a giant gecko and a bat.

Vanquished Creatures
  A giant cockroach (D:1)
  2 goblins (D:1)
  A hobgoblin (D:1)
  4 rats (D:1)
8 creatures vanquished.

Notes
Turn   | Place    | Note
--------------------------------------------------------------
     0 | D:1      | tidbits the Demigod Transmuter began the quest for the Orb.
     0 | D:1      | Reached XP level 1. HP: 15/15 MP: 5/5
    68 | D:1      | Reached skill level 2 in Spellcasting
    87 | D:1      | Reached skill level 2 in Transmutations
   177 | D:1      | HP: 1/15 [bat (1)]
   177 | D:1      | Slain by a giant gecko

Action                   || total
-------------------------++-------
Melee: Unarmed           ||    21
       Dagger            ||     7
 Cast: Beastly Appendage ||     7

Table legend:
 A = Turns spent in this place as a percentage of turns spent in the entire game.
 B = Non-inter-level travel turns spent in this place as a percentage of non-inter-level travel turns spent in the entire game.
 C = Inter-level travel turns spent in this place as a percentage of turns spent in this place.
 D = Turns resting spent in this place as a percentage of non-inter-level travel turns spent in this place.
 E = Turns spent auto-exploring this place as a percentage of non-inter-level travel turns spent in this place.
 F = Non-inter-level travel turns spent in this place divided by the number of levels of this place that you've seen.
                   A       B       C       D       E      F
               +-------+-------+-------+-------+-------+----------------------
         Total | 100.0 | 100.0 |   0.0 |   0.0 |   0.0 | 159.0
       Dungeon | 100.0 | 100.0 |   0.0 |   0.0 |   0.0 | 159.0
               +-------+-------+-------+-------+-------+----------------------

Table legend:
 A = Kills in this place as a percentage of kills in entire the game.
 B = Kills by you in this place as a percentage of kills by you in the entire game.
 C = Kills by friends in this place as a percentage of kills by friends in the entire game.
 D = Other kills in this place as a percentage of other kills in the entire game.
 E = Experience gained in this place as a percentage of experience gained in the entire game.
 F = Experience gained in this place divided by the number of levels of this place that you have seen.
                   A       B       C       D       E      F
               +-------+-------+-------+-------+-------+----------------------
         Total | 100.0 | 100.0 |  -nan |  -nan | 100.0 |  12.0
       Dungeon | 100.0 | 100.0 |  -nan |  -nan | 100.0 |  12.0
               +-------+-------+-------+-------+-------+----------------------

Vault maps used:
D:1:      scummos_arrival_hexagon, minmay_misc_feat_tower
